AoeStats
← HOT WINGS

Oasis

508721893Analyzed
4v4 RM · 9d ago on Sep 23, 2026· 19m 9s· 8 players
Game mode
Random Map
Map size
Large (8 player)
Population
200
Speed
Normal
Resources
Standard
Victory
Conquest
Starting age
Dark Age
Ending age
Imperial Age
RankedLock teamsTeams togetherTeam positionsShared explorationLock speedFull tech treeHidden civsTurbo modeCheats
Victory
Defeat
🇹🇷 Persians · Türkiye
1047
+14
🇨🇿 Ethiopians · Czechia
1041
+15
🇪🇸 Bohemians · Spain
966
+18
🇬🇧 Japanese · United Kingdom
964
+17
🇺🇸 Franks · United States
1036
-17
🇦🇷 Armenians · Argentina
1020
-17
🇧🇷 Turks · Brazil
1010
-16
🇨🇱 Burgundians · Chile
955
-14
Tom
9:41 Feudal Age
10:17 Double-Bit Axe
12:21 Bloodlines
12:20 Horse Collar
12:59 Forging
19:02 Castle Age
19:11 Fletching
...
3:43 Loom
12:54 Feudal Age
13:29 Double-Bit Axe
FeHZappa
GERMANICO7222
7:31 Loom
10:47 Feudal Age
9:18 Double-Bit Axe
17:33 Scale Barding Armor
17:38 Forging
JKvothe
6:01 Loom
10:19 Feudal Age
10:55 Double-Bit Axe
19:04 Castle Age
17:57 Horse Collar
18:12 Fletching
HOT WINGS
8:43 Loom
12:16 Feudal Age
16:55 Castle Age
14:47 Double-Bit Axe
14:51 Horse Collar
Haribo
7:23 Loom
11:43 Feudal Age
12:35 Double-Bit Axe
15:59 Horse Collar
`TryAki
0:28 Loom
9:41 Feudal Age
18:07 Castle Age
18:22 Double-Bit Axe
Connection lost

Rejoining the realm…

Still unreachable

The connection could not be restored.

Session expired

The server has moved on; the page needs a fresh start.